TOP OF THE 1ST |
Moose Jaw Ghostbusters batting - Pitching for Culver City Extras : LHP Sebastián Cervantes
|
Pitching: LHP Sebastián Cervantes
|
|
Batting: SHB Lonnie Washington
|
0-0: Called Strike 0-1: Ball 1-1: Ball 2-1: Foul Ball, location: 2F 2-2: Strikes out swinging
|
Batting: RHB Bob Cole
|
0-0: Foul Ball, location: 2F 0-1: Ball 1-1: Foul Ball, location: 2F 1-2: Ball 2-2: Foul Ball, location: 2F 2-2: Strikes out swinging
|
Batting: LHB Jon Scott
|
0-0: Ball 1-0: DOUBLE (Line Drive, 89D)
|
Pinch Runner at 2nd Andrew Weatherly:
|
|
Batting: SHB Rafael Acosta
|
0-0: Ball 1-0: Ball 2-0: Ball 3-0: 2-RUN HOME RUN (Flyball, 7LD), Distance : 324 ft
|
Batting: RHB Preston Manning
|
0-0: Swinging Strike 0-1: Swinging Strike 0-2: Foul Ball, location: 2F 0-2: Foul Ball, location: 2F 0-2: Ball 1-2: Ground out 4-3 (Groundball, 4)
|
Top of the 1st over - 2 runs, 2 hits, 0 errors, 0 left on base; Moose Jaw 2 - Culver City 0 |
BOTTOM OF THE 1ST |
Culver City Extras batting - Pitching for Moose Jaw Ghostbusters : RHP Bennett Greer
|
Pitching: RHP Bennett Greer
|
|
Now in LF: Andrew Weatherly
|
|
Batting: RHB Jamie Swyers
|
0-0: Ball 1-0: Called Strike 1-1: Foul Ball, location: 2F 1-2: Foul Ball, location: 2F 1-2: Ball 2-2: DOUBLE (Line Drive, 89D)
|
Batting: RHB Mitchell Darragh
|
0-0: Called Strike 0-1: Ball 1-1: Ground out 6-3 (Groundball, 6) Jamie Swyers to third
|
Batting: LHB Ernesto Meléndez
|
0-0: Called Strike 0-1: Ground out 4-3 (Groundball, 4) Jamie Swyers scores
|
Batting: LHB Trey Fitzpatrick
|
0-0: Called Strike 0-1: Ball 1-1: Ground out 5-3 (Groundball, 56)
|
Bottom of the 1st over - 1 run, 1 hit, 0 errors, 0 left on base; Moose Jaw 2 - Culver City 1 |
TOP OF THE 2ND |
Moose Jaw Ghostbusters batting - Pitching for Culver City Extras : LHP Sebastián Cervantes
|
Batting: LHB Darren Holland
|
0-0: Called Strike 0-1: Ball 1-1: Foul Ball, location: 2F 1-2: Ball 2-2: Strikes out swinging
|
Batting: RHB José Maldonado
|
0-0: Called Strike 0-1: Ball 1-1: Called Strike 1-2: Ball 2-2: Strikes out looking
|
Batting: SHB Martín Cruz
|
0-0: Called Strike 0-1: Ball 1-1: Ball 2-1: Ground out 6-3 (Groundball, 6)
|
Top of the 2nd over - 0 runs, 0 hits, 0 errors, 0 left on base; Moose Jaw 2 - Culver City 1 |
BOTTOM OF THE 2ND |
Culver City Extras batting - Pitching for Moose Jaw Ghostbusters : RHP Bennett Greer
|
Batting: LHB Iván Espinosa
|
0-0: Called Strike 0-1: Foul Ball, location: 2F 0-2: Ball 1-2: SINGLE (Line Drive, 34D)
|
Batting: LHB Juan Hinojosa
|
0-0: Foul Ball, location: 2F 0-1: Ball 1-1: 2-RUN HOME RUN (Flyball, 9LD), Distance : 354 ft
|
Batting: RHB Pancho Reyna
|
0-0: SOLO HOME RUN (Flyball, 7LD), Distance : 321 ft
|
Batting: RHB Marcos Liñares
|
0-0: Called Strike 0-1: Foul Ball, location: 2F 0-2: Ball 1-2: Foul Ball, location: 2F 1-2: Ball 2-2: Strikes out swinging
|
Batting: RHB Dave Anderson
|
0-0: Ball 1-0: Ground out 4-3 (Groundball, 4S)
|
Batting: RHB Jamie Swyers
|
0-0: Ball 1-0: Called Strike 1-1: Fly out, F8 (Flyball, 8RD)
|
Bottom of the 2nd over - 3 runs, 3 hits, 0 errors, 0 left on base; Moose Jaw 2 - Culver City 4 |
TOP OF THE 3RD |
Moose Jaw Ghostbusters batting - Pitching for Culver City Extras : LHP Sebastián Cervantes
|
Batting: RHB Scott McGuire
|
0-0: Ball 1-0: Ball 2-0: Foul Ball, location: 2F 2-1: Fly out, F3 (Popup, 3F)
|
Batting: SHB Lonnie Washington
|
0-0: Ball 1-0: Ball 2-0: Called Strike 2-1: Swinging Strike 2-2: Foul Ball, location: 2F 2-2: Strikes out swinging
|
Batting: RHB Bob Cole
|
0-0: Ball 1-0: Fly out, F8 (Flyball, 78M)
|
Top of the 3rd over - 0 runs, 0 hits, 0 errors, 0 left on base; Moose Jaw 2 - Culver City 4 |
BOTTOM OF THE 3RD |
Culver City Extras batting - Pitching for Moose Jaw Ghostbusters : RHP Bennett Greer
|
Batting: RHB Mitchell Darragh
|
0-0: Ball 1-0: Called Strike 1-1: Swinging Strike 1-2: Ball 2-2: Ground out 5-3 (Groundball, 56)
|
Batting: LHB Ernesto Meléndez
|
0-0: Ball 1-0: Ground out 6-3 (Groundball, 6)
|
Batting: LHB Trey Fitzpatrick
|
0-0: Called Strike 0-1: Ball 1-1: Swinging Strike 1-2: Ball 2-2: SINGLE (Groundball, 4MD)
|
Batting: LHB Iván Espinosa
|
0-0: Swinging Strike 0-1: Foul Ball, location: 2F 0-2: Foul Ball, location: 2F 0-2: Strikes out looking
|
Bottom of the 3rd over - 0 runs, 1 hit, 0 errors, 1 left on base; Moose Jaw 2 - Culver City 4 |
TOP OF THE 4TH |
Moose Jaw Ghostbusters batting - Pitching for Culver City Extras : LHP Sebastián Cervantes
|
Batting: RHB Andrew Weatherly
|
0-0: Swinging Strike 0-1: Foul Ball, location: 2F 0-2: Ball 1-2: Ball 2-2: Ball 3-2: Foul Ball, location: 2F 3-2: SINGLE (Line Drive, 4MD)
|
Batting: SHB Rafael Acosta
|
0-0: Ball 1-0: Ball 2-0: Swinging Strike 2-1: Ball 3-1: Foul Ball, location: 2F 3-2: Base on Balls Andrew Weatherly to second
|
Batting: RHB Preston Manning
|
0-0: Ball 1-0: Ball 2-0: Foul Ball, location: 2F 2-1: Swinging Strike 2-2: Ball 3-2: Base on Balls Andrew Weatherly to third Rafael Acosta to second
|
Batting: LHB Darren Holland
|
0-0: Called Strike 0-1: Fielders Choice at 2nd, 4-6 (Groundball, 4D) Andrew Weatherly scores Rafael Acosta to third
|
Batting: RHB José Maldonado
|
0-0: Called Strike 0-1: Ball 1-1: Ball 2-1: Called Strike 2-2: Ball 3-2: Base on Balls Darren Holland to second
|
Batting: SHB Martín Cruz
|
0-0: Ball 1-0: Called Strike 1-1: Ball 2-1: Called Strike 2-2: Foul Ball, location: 2F 2-2: Ball 3-2: Strikes out swinging
|
Batting: RHB Scott McGuire
|
0-0: Called Strike 0-1: Foul Ball, location: 2F 0-2: Foul Ball, location: 2F 0-2: Ball 1-2: Strikes out swinging
|
Top of the 4th over - 1 run, 1 hit, 0 errors, 3 left on base; Moose Jaw 3 - Culver City 4 |
BOTTOM OF THE 4TH |
Culver City Extras batting - Pitching for Moose Jaw Ghostbusters : RHP Bennett Greer
|
Batting: LHB Juan Hinojosa
|
0-0: Ball 1-0: Called Strike 1-1: SINGLE (Flyball, 78S)
|
Batting: RHB Pancho Reyna
|
0-0: Swinging Strike 0-1: Ball 1-1: Ball 2-1: Foul Ball, location: 2F 2-2: Ball 3-2: Grounds into double play, 5-4-3 (Groundball, 56)
|
Batting: RHB Marcos Liñares
|
0-0: Ball 1-0: Ball 2-0: Called Strike 2-1: Foul Ball, location: 2F 2-2: Strikes out swinging, 2-3 out at first.
|
Bottom of the 4th over - 0 runs, 1 hit, 0 errors, 0 left on base; Moose Jaw 3 - Culver City 4 |
TOP OF THE 5TH |
Moose Jaw Ghostbusters batting - Pitching for Culver City Extras : LHP Sebastián Cervantes
|
Batting: SHB Lonnie Washington
|
0-0: Foul Ball, location: 2F 0-1: Fly out, F3 (Popup, 34)
|
Batting: RHB Bob Cole
|
0-0: SINGLE (Line Drive, 56D)
|
Batting: RHB Andrew Weatherly
|
0-0: Ball 1-0: Ball 2-0: Called Strike 2-1: Ball 3-1: Base on Balls Bob Cole to second
|
Batting: SHB Rafael Acosta
|
0-0: Called Strike 0-1: Ball 1-1: Ball 2-1: Fly out, F5 (Line Drive, 5)
|
Batting: RHB Preston Manning
|
0-0: Called Strike 0-1: Ball 1-1: Ball 2-1: SINGLE (Line Drive, 4M) Bob Cole to third Andrew Weatherly to second Runner from 3rd tries for Home, SAFE, no throw
|
Batting: LHB Darren Holland
|
0-0: Called Strike 0-1: Swinging Strike 0-2: Fly out, F8 (Flyball, 78S)
|
Top of the 5th over - 1 run, 2 hits, 0 errors, 2 left on base; Moose Jaw 4 - Culver City 4 |
BOTTOM OF THE 5TH |
Culver City Extras batting - Pitching for Moose Jaw Ghostbusters : RHP Bennett Greer
|
Batting: RHB Dave Anderson
|
0-0: Ground out 4-3 (Groundball, 4)
|
Batting: RHB Jamie Swyers
|
0-0: Called Strike 0-1: Called Strike 0-2: Fly out, F9 (Flyball, 9S)
|
Batting: RHB Mitchell Darragh
|
0-0: Called Strike 0-1: Ball 1-1: Called Strike 1-2: Ball 2-2: Fly out, F7 (Flyball, 7)
|
Bottom of the 5th over - 0 runs, 0 hits, 0 errors, 0 left on base; Moose Jaw 4 - Culver City 4 |
TOP OF THE 6TH |
Moose Jaw Ghostbusters batting - Pitching for Culver City Extras : LHP Sebastián Cervantes
|
Pitching: RHP Mike Alexander
|
|
Batting: RHB José Maldonado
|
0-0: Called Strike 0-1: Ball 1-1: Foul Ball, location: 2F 1-2: Strikes out swinging
|
Batting: SHB Martín Cruz
|
0-0: Ball 1-0: Foul Ball, location: 2F 1-1: Ball 2-1: SINGLE (Line Drive, 5D)
|
Batting: RHB Scott McGuire
|
0-0: Fly out, F8 (Flyball, 8RD)
|
Batting: SHB Lonnie Washington
|
0-0: Ball 1-0: SINGLE (Line Drive, 6M) Martín Cruz to second Runner from 2nd tries for 3rd, OUT!
|
Top of the 6th over - 0 runs, 2 hits, 0 errors, 1 left on base; Moose Jaw 4 - Culver City 4 |
BOTTOM OF THE 6TH |
Culver City Extras batting - Pitching for Moose Jaw Ghostbusters : RHP Bennett Greer
|
Batting: LHB Ernesto Meléndez
|
0-0: Ball 1-0: SINGLE (Flyball, 8RS)
|
Batting: LHB Trey Fitzpatrick
|
0-0: Ball 1-0: Ball 2-0: TRIPLE (Line Drive, 9D) Ernesto Meléndez scores
|
Batting: LHB Iván Espinosa
|
0-0: Intentional Walk
|
Batting: LHB Juan Hinojosa
|
0-0: Swinging Strike 0-1: Ball 1-1: 3-RUN HOME RUN (Line Drive, 9LD), Distance : 350 ft
|
Pitching: RHP José Orozco
|
|
Batting: RHB Pancho Reyna
|
0-0: Ball 1-0: Foul Ball, location: 2F 1-1: Ball 2-1: Foul Ball, location: 2F 2-2: Ball 3-2: DOUBLE (Flyball, 78XD)
|
Batting: RHB Marcos Liñares
|
0-0: Ball 1-0: Swinging Strike 1-1: Swinging Strike 1-2: Strikes out looking
|
Batting: RHB Dave Anderson
|
0-0: Ball 1-0: Called Strike 1-1: Foul Ball, location: 2F 1-2: Foul Ball, location: 2F 1-2: Ground out 6-3 (Groundball, 6D)
|
Batting: RHB Jamie Swyers
|
0-0: Ball 1-0: Swinging Strike 1-1: SINGLE (Line Drive, 3) Pancho Reyna to third Runner from 3rd tries for Home, SAFE, no throw
|
Batting: RHB Mitchell Darragh
|
0-0: Called Strike Jamie Swyers is caught stealing 2nd base
|
Bottom of the 6th over - 5 runs, 5 hits, 0 errors, 0 left on base; Moose Jaw 4 - Culver City 9 |
TOP OF THE 7TH |
Moose Jaw Ghostbusters batting - Pitching for Culver City Extras : RHP Mike Alexander
|
Batting: RHB Bob Cole
|
0-0: Ball 1-0: Ball 2-0: Ground out 6-3 (Groundball, 6)
|
Batting: RHB Andrew Weatherly
|
0-0: Ball 1-0: Called Strike 1-1: Foul Ball, location: 2F 1-2: SINGLE (Groundball, 6D)
|
Batting: SHB Rafael Acosta
|
0-0: Called Strike 0-1: Ball 1-1: Ball 2-1: Fly out, F5 (Popup, 56S)
|
Batting: RHB Preston Manning
|
0-0: Fly out, F3 (Popup, 4S)
|
Top of the 7th over - 0 runs, 1 hit, 0 errors, 1 left on base; Moose Jaw 4 - Culver City 9 |
BOTTOM OF THE 7TH |
Culver City Extras batting - Pitching for Moose Jaw Ghostbusters : RHP José Orozco
|
Batting: RHB Mitchell Darragh
|
0-0: Swinging Strike 0-1: Foul Ball, location: 2F 0-2: Strikes out swinging
|
Batting: LHB Ernesto Meléndez
|
0-0: Ball 1-0: Called Strike 1-1: Fly out, F8 (Flyball, 78M)
|
Batting: LHB Trey Fitzpatrick
|
0-0: Ball 1-0: Foul Ball, location: 2F 1-1: Fly out, F9 (Flyball, 9)
|
Bottom of the 7th over - 0 runs, 0 hits, 0 errors, 0 left on base; Moose Jaw 4 - Culver City 9 |
TOP OF THE 8TH |
Moose Jaw Ghostbusters batting - Pitching for Culver City Extras : RHP Mike Alexander
|
Now in CF: Jason McIntosh
|
|
Now in RF: Joey Boyd
|
|
Batting: LHB Darren Holland
|
0-0: Called Strike 0-1: Ball 1-1: Foul Ball, location: 2F 1-2: Ball 2-2: Ball 3-2: Foul Ball, location: 2F 3-2: Strikes out swinging
|
Batting: RHB José Maldonado
|
0-0: Ball 1-0: Ball 2-0: Foul Ball, location: 2F 2-1: Called Strike 2-2: Ball 3-2: Base on Balls
|
Batting: SHB Martín Cruz
|
0-0: Ball 1-0: Ball 2-0: Called Strike 2-1: SINGLE (Flyball, 78S) José Maldonado to second
|
Pitching: RHP Mauro Martínez
|
|
Batting: RHB Scott McGuire
|
0-0: Ball 1-0: Fielders Choice at 2nd, 3-6 (Groundball, 34) José Maldonado to third
|
Batting: SHB Lonnie Washington
|
0-0: Called Strike 0-1: Swinging Strike 0-2: Ball 1-2: Fly out, F7 (Flyball, 7)
|
Top of the 8th over - 0 runs, 1 hit, 0 errors, 2 left on base; Moose Jaw 4 - Culver City 9 |
BOTTOM OF THE 8TH |
Culver City Extras batting - Pitching for Moose Jaw Ghostbusters : RHP José Orozco
|
Batting: SHB Joey Boyd
|
0-0: Ball 1-0: Called Strike 1-1: Ball 2-1: Called Strike 2-2: Ball 3-2: Base on Balls
|
Batting: LHB Juan Hinojosa
|
0-0: Ball 1-0: Ball 2-0: Foul Ball, location: 2F 2-1: Ball 3-1: Base on Balls Joey Boyd to second
|
Batting: RHB Pancho Reyna
|
0-0: Foul Ball, location: 2F 0-1: Ball 1-1: Fly out, F5 (Popup, 56S)
|
Batting: RHB Marcos Liñares
|
0-0: Grounds into double play, 4-6-3 (Groundball, 4)
|
Bottom of the 8th over - 0 runs, 0 hits, 0 errors, 1 left on base; Moose Jaw 4 - Culver City 9 |
TOP OF THE 9TH |
Moose Jaw Ghostbusters batting - Pitching for Culver City Extras : RHP Mauro Martínez
|
Batting: RHB Bob Cole
|
0-0: Foul Ball, location: 2F 0-1: Ball 1-1: SINGLE (Flyball, 8RS)
|
Batting: RHB Andrew Weatherly
|
0-0: Ground out 4-3 (Groundball, 4MS) Bob Cole to second
|
Batting: SHB Rafael Acosta
|
0-0: Ball 1-0: Called Strike 1-1: Ground out U3 (Groundball, 34) Bob Cole to third
|
Batting: RHB Preston Manning
|
0-0: SINGLE (Line Drive, 8LS) Bob Cole scores
|
Batting: LHB Darren Holland
|
0-0: 2-RUN HOME RUN (Flyball, 9D), Distance : 416 ft
|
Pitching: LHP Henry Brown
|
|
Batting: RHB José Maldonado
|
0-0: Ball 1-0: Ball 2-0: Called Strike 2-1: Called Strike 2-2: Foul Ball, location: 2F 2-2: Ball 3-2: Strikes out looking
|
Top of the 9th over - 3 runs, 3 hits, 0 errors, 0 left on base; Moose Jaw 7 - Culver City 9 |
|